 Dungeon Crawl Stone Soup version 0.29.0-4-gdea44cf6ec (webtiles) character file.

Game seed: 2208587269838661751

129 qw the Chopper (level 5, -18/30 HPs)
             Began as a Tengu Warper on Aug 29, 2022.
             Killed by an exploding adder (39 damage)
             ... ignited by their inner flame
             ... on level 2 of the Dungeon.
             The game lasted 00:00:51 (2180 turns).

qw the Chopper (Tengu Warper)                       Turns: 2180, Time: 00:00:51

Health: -18/30     AC:  3    Str: 14    XL:     5   Next: 12%
Magic:  9/9        EV: 14    Int: 13    God:
Gold:   110        SH:  0    Dex: 13    Spells: 8/8 levels left

rFire   . . .      SeeInvis .   Y - +0 war axe
rCold   . . .      Faith    .   (no shield)
rNeg    . . .      Spirit   .   b - +0 leather armour
rPois   .          Reflect  .   (helmet restricted)
rElec   .          Harm     .   (no cloak)
rCorr   .          Rampage  .   (no gloves)
Will    .....                   (boots unavailable)
Stlth   +.........              (no amulet)
HPRegen 0.10/turn               (no ring)
MPRegen 0.11/turn               (no ring)

@: lethally poisoned (-18 -> -24), flying quickly and evasively, invisible,
quick
A: beak, talons 3, nimble flight
a: no special abilities


You were on level 2 of the Dungeon.
You visited 1 branch of the dungeon, and saw 2 of its levels.

You collected 110 gold pieces.


Innate Abilities, Weirdness & Mutations

You have a beak for a mouth.
You have claws for feet.
Your magical nature lets you fly swiftly and evasively.


   Skills:
 - Level 2.0 Fighting
 + Level 5.7 Axes
 - Level 1.0 Throwing
 - Level 1.1 Armour
 - Level 2.1 Dodging
 - Level 2.0 Spellcasting
 - Level 2.4 Translocations


You had 8 spell levels left.
You didn't know any spells.
Your spell library contained the following spells:

 Spells                   Type           Power      Damage    Failure   Level
 Blink                    Tloc           14%        N/A       19%         2
 Gell's Gravitas          Tloc           7%         N/A       34%         3
 Lesser Beckoning         Tloc           7%         N/A       34%         3
 Teleport Other           Tloc           7%         N/A       34%         3
 Manifold Assault         Tloc           7%         N/A       97%         5

Inventory:

Hand Weapons
 d - a +0 club
 Y - a +0 war axe (weapon)
Missiles
 g - 5 boomerangs (quivered)
Armour
 b - a +0 leather armour (worn)
Potions
 c - a potion of curing
 h - a potion of lignification {unknown}
 i - a potion of attraction {unknown}
 j - a potion of heal wounds

Dungeon Overview and Level Annotations

Branches:
Dungeon (2/15)

Altars:


Message History

Where to? (* - list waypoints, Enter - D:3, ? - help)
What level of the Dungeon? (default 1, ? - help) Sorry, I don't know how to get there.
Done exploring.
2176 ||| Stepping randomly (stuck).
You swap places.
You see here a potion of invisibility.
Done exploring.
(D) Dungeon
Where to? (* - list waypoints, Enter - D:3, ? - help)
What level of the Dungeon? (default 1, ? - help) Sorry, I don't know how to get there.
Done exploring.
2177 ||| Stepping randomly (stuck).
You swap places.
Done exploring.
(D) Dungeon
Where to? (* - list waypoints, Enter - D:3, ? - help)
What level of the Dungeon? (default 1, ? - help) Sorry, I don't know how to get there.
Done exploring.
2178 ||| Stepping randomly (stuck).
Really fly into that cloud of poison gas?
You are poisoned.
You feel very sick.
2179 ||| Stepping ~*~*~tactically~*~*~ (cloud).
You swap places.
You feel sick.
Your adder is engulfed in poison gas.
Your adder is poisoned.
Flame seeps out of your adder.
Your adder is engulfed in poison gas.
Your adder looks even sicker.
Flame seeps out of your adder.
You start resting.
You feel sick. Flame seeps out of your adder.
Your adder is engulfed in poison gas.
Your adder looks even sicker.
Flame seeps out of your adder.
Your adder is engulfed in poison gas.
Your adder looks as sick as possible!
Your adder's corpse dissolves into shadows!
Your adder explodes!
The fiery explosion engulfs you!!!
Ouch! That really hurt!
You die...

##### #.........
#........#
####......###
####........####
#....¤......#..#
#.##¤########..#
##000¤# ####'##
###g.¤00## #..'...
#¤@r###..####..#...
#0¤0# ##...##%##...
##### ###..#..#...
##.#..%...
#.####%## #.####..#
#....#..# ####.####
#.....


You could see a friendly hobgoblin (summoned, inner flame) and a friendly rat
(summoned, inner flame).

Vanquished Creatures
  8 adders (D:2)
  2 worms (D:2)
  2 bats
  7 endoplasms
  4 giant cockroaches
  4 goblins
  A hobgoblin (D:2)
  3 kobolds
  2 quokkas (D:1)
  12 ball pythons
  5 frilled lizards
  4 rats
54 creatures vanquished.

Notes
Turn   | Place    | Note
-------+----------+-------------------------------------------
     0 | D:1      | qw the Tengu Warper began the quest for the Orb.
     0 | D:1      | Reached XP level 1. HP: 12/12 MP: 4/4
     0 | D:1      | 0 ||| qw: Version: 0.1-a-89-g26bdef1
     0 | D:1      | 0 ||| qw: Game counter: 3585
     0 | D:1      | 0 ||| qw: Always use a shield: true
     0 | D:1      | 0 ||| qw: God list: Okawaru
     0 | D:1      | 0 ||| qw: Allow faded altars: false
     0 | D:1      | 0 ||| qw: Do Orc after D:15 true
     0 | D:1      | 0 ||| qw: Do second Lair branch before Depths: true
     0 | D:1      | 0 ||| qw: Lair rune preference: random
     0 | D:1      | 0 ||| qw: Plans: Normal
     0 | D:1      | 0 ||| PLANNING D:1-11
   125 | D:1      | 125 ||| Stepping ~*~*~tactically~*~*~ (stealth).
   127 | D:1      | 127 ||| Stepping ~*~*~tactically~*~*~ (stealth).
   133 | D:1      | Reached XP level 2. HP: 17/17 MP: 6/6
   156 | D:1      | Reached skill level 3 in Axes
   231 | D:1      | 231 ||| SWAPPING to +0 war axe.
   255 | D:1      | 255 ||| DROPPING +0 hand axe.
   311 | D:1      | 311 ||| Stepping ~*~*~tactically~*~*~ (stealth).
   315 | D:1      | 315 ||| Stepping ~*~*~tactically~*~*~ (stealth).
   323 | D:1      | 323 ||| Stepping ~*~*~tactically~*~*~ (stealth).
   558 | D:1      | 558 ||| Stepping ~*~*~tactically~*~*~ (stealth).
   563 | D:1      | Reached XP level 3. HP: 21/21 MP: 7/7
   935 | D:1      | 935 ||| READING scroll labelled ZIRUMNAEME.
   940 | D:1      | 940 ||| READING 2 scrolls labelled VUUGOJ TEROMN.
   941 | D:1      | 941 ||| READING scroll labelled UTUNTA HE UKAX.
   942 | D:1      | 942 ||| READING scroll labelled NORIUS ET VUPE.
   943 | D:1      | 943 ||| DROPPING scroll of blinking.
   944 | D:1      | 944 ||| DROPPING scroll of magic mapping.
   999 | D:2      | Reached skill level 4 in Axes
  1514 | D:2      | Reached XP level 4. HP: 26/26 MP: 8/8
  1731 | D:2      | Reached skill level 5 in Axes
  1815 | D:2      | 1815 ||| Stepping ~*~*~tactically~*~*~ (stealth).
  2021 | D:2      | Gained mutation: Your magical nature lets you fly swiftly
                  | and evasively. [Tengu growth]
  2021 | D:2      | Reached XP level 5. HP: 30/30 MP: 9/9
  2168 | D:2      | 2168 ||| READING scroll labelled XIJOIZEGH.
  2169 | D:2      | 2169 ||| READING scroll labelled EFUIRULLUF.
  2170 | D:2      | 2170 ||| READING scroll labelled ILYINESEAG.
  2171 | D:2      | 2171 ||| DRINKING 2 purple potions.
  2172 | D:2      | 2172 ||| DRINKING 2 smoky silvery potions.
  2173 | D:2      | 2173 ||| DRINKING 2 smoky dark potions.
  2174 | D:2      | 2174 ||| DROPPING potion of invisibility.
  2175 | D:2      | 2175 ||| Stepping randomly (stuck).
  2176 | D:2      | 2176 ||| Stepping randomly (stuck).
  2177 | D:2      | 2177 ||| Stepping randomly (stuck).
  2178 | D:2      | 2178 ||| Stepping randomly (stuck).
  2179 | D:2      | 2179 ||| Stepping ~*~*~tactically~*~*~ (cloud).
  2180 | D:2      | Killed by an exploding adder... ignited by their inner
                  | flame

Levels and vault maps discovered:
D:1:      psy_arrival_conway, layout_loops_ring, kennysheep_flooded_box,
          dk_noncrumbling_3, hangedman_abyss_or_decor_stabs
D:2:      layout_rooms, minmay_snake_closets

Skill      XL: |  1  2  3  4 |
---------------+-------------+-----
Axes           | 3 4 5 |  5.7
Fighting       | |  2.0
Throwing       | |  1.0
Armour         | |  1.1
Dodging        | |  2.1
Spellcasting   | |  2.0
Translocations | |  2.4

Action                   |  1- 3 |  4- 6 || total
-------------------------+-------+-------++-------
Melee: Hand axe          |    11 |       ||    11
       Kick              |    18 |     7 ||    25
       War axe           |    66 |    42 ||   108
       Peck              |     7 |     3 ||    10
Throw: Boomerang         |    13 |    19 ||    32
  Use: Scroll            |     4 |     3 ||     7
       Potion            |       |     3 ||     3
Armor: Leather armour    |    19 |     7 ||    26
Dodge: Dodged            |    39 |    41 ||    80

Table legend:
 A = Non-vault XP
 B = Vault XP
 C = Vault XP percentage of total XP
 D = Non-vault monster count
 E = Vault monster count
 F = Vault count percentage of total count
                 A         B        C        D         E       F
            +---------+---------+-------+---------+---------+-------
      Total |     110 |      75 |  40.5 |      44 |      10 |  18.5
            +---------+---------+-------+---------+---------+-------
        D:1 |      39 |       0 |   0.0 |      24 |       0 |   0.0
        D:2 |      71 |      75 |  51.4 |      20 |      10 |  33.3
            +---------+---------+-------+---------+---------+-------
